 Dungeon Crawl Stone Soup version 0.16.2-12-gd0ad4c3 (webtiles) character file.

123510 Kloppie the Warrior (level 16, -29/149 HPs)
             Began as a Minotaur Fighter on Nov 1, 2015.
             Was the Champion of Elyvilon.
             Killed from afar by Aizul (42 damage)
             ... with a poison arrow
             ... on level 1 of the Snake Pit.
             The game lasted 01:26:59 (31691 turns).

Kloppie the Warrior (Minotaur Fighter)             Turns: 31691, Time: 01:26:59

Health: -29/149    AC: 37    Str: 28    XL:     16   Next: 37%
Magic:  21/25      EV: 11    Int:  8    God:    Elyvilon [******]
Gold:   1084       SH: 10    Dex: 14    Spells: 0 memorised, 15 levels left

rFire  + + .     SeeInvis .     a - +7 flail of the Last Seas {freeze, rElec MR+ Dex+3}
rCold  + + .     Clarity  .     M - +5 scale mail of Peek-a-Boo {rF+ Regen+ Str-3}
rNeg   + . .     SustAb   .     c - +0 shield
rPois  .         Gourm    .     s - +2 hat {Int+3}
rElec  +         Spirit   .     m - +2 cloak {rC+}
rCorr  +         Warding  .     J - +2 pair of gloves
rMut   .         Stasis   .     C - +1 pair of boots
MR     +++..                    D - amulet of resist corrosion
Stlth  ..........               w - ring "Istreyl" {rElec rF+ rC+ rN+ MR+ Slay+2}
                                h - +6 ring of protection

@: mighty, lethally poisoned (-29 -> -108), extremely resistant to hostile
enchantments, extremely unstealthy
A: retaliatory headbutt, horns 2, rough black scales 1
a: Lesser Healing, Divine Protection, Heal Other, Purification, Greater Healing,
Divine Vigour, Renounce Religion


You were on level 1 of the Snake Pit.
You worshipped Elyvilon.
Elyvilon was exalted by your worship.
You were very hungry.

You visited 5 branches of the dungeon, and saw 28 of its levels.
You also visited: Ice Cave and Volcano.

You collected 2509 gold pieces.
You spent 1425 gold pieces at shops.

Inventory:

Hand weapons
 a - the +7 flail of the Last Seas (weapon) {freeze, rElec MR+ Dex+3}
   (You found it in an ice cave)

   It has been specially enchanted to freeze those struck by it, causing extra
   injury to most foes and up to half again as much damage against particularly
   susceptible opponents.
   It can also slow down cold-blooded creatures.
   It affects your dexterity (+3).
   It insulates you from electricity.
   It affects your resistance to hostile enchantments.
 b - a +2 hand crossbow of flaming
Missiles
 B - 16 bolts of frost
 R - 104 bolts
 S - 14 bolts of penetration
Armour
 c - a +0 shield (worn)
 m - a +2 cloak of cold resistance (worn)
 s - a +2 hat of intelligence (worn)
 C - a +1 pair of boots (worn)
 J - a +2 pair of gloves (worn)
 M - the +5 scale mail of Peek-a-Boo (worn) {rF+ Regen+ Str-3}
   (You found it on level 7 of the Lair of Beasts)

   It affects your strength (-3).
   It protects you from fire.
   It increases your rate of regeneration.
Jewellery
 h - a +6 ring of protection (left hand)
 w - the ring "Istreyl" (right hand) {rElec rF+ rC+ rN+ MR+ Slay+2}
   (You found it on level 4 of the Lair of Beasts)

   [ring of protection from magic]

   It affects your accuracy and damage with ranged weapons and melee attacks
   (+2).
   It protects you from fire.
   It protects you from cold.
   It insulates you from electricity.
   It protects you from negative energy.
   It affects your resistance to hostile enchantments.
 D - an amulet of resist corrosion (around neck)
 I - an uncursed ring of protection from fire
 K - an uncursed amulet of stasis
 P - an uncursed ring of see invisible
Magical devices
 k - a wand of invisibility (5)
 l - a wand of digging (2)
 v - a wand of disintegration (7)
Scrolls
 g - 7 scrolls of remove curse
 j - 4 scrolls of fog
 p - 3 scrolls of magic mapping
 q - 4 scrolls of identify
 y - 4 scrolls of blinking
 F - 2 scrolls of teleportation
 T - 5 scrolls of fear
Potions
 e - a potion of might
 i - 2 potions of haste
 n - 5 potions of flight
 o - 3 potions of berserk rage
 r - a potion of cure mutation
 x - 4 potions of restore abilities
 z - a potion of resistance
 A - 7 potions of curing
Miscellaneous
 f - a disc of storms
Comestibles
 d - 9 bread rations
 t - 2 meat rations


   Skills:
 - Level 15.4 Fighting
   Level 11.4 Long Blades
 - Level 14.0 Maces & Flails
 - Level 10.0 Crossbows
 - Level 15.3 Armour
 + Level 5.8 Dodging
 - Level 3.6 Shields
 - Level 9.3 Invocations
 - Level 10.0 Evocations


You had 15 spell levels left.
You didn't know any spells.

Dungeon Overview and Level Annotations

Branches:
Dungeon (14/15)            Temple (1/1) D:7            Lair (8/8) D:11
 Shoals (0/5) Lair:5        Snake (1/5) Lair:4        Slime (0/6) Lair:7
    Orc (4/4) D:11            Elf (0/3) Orc:4        Vaults (0/5) D:14

Altars:
Ashenzari
Cheibriados
Dithmenos
Elyvilon
Fedhas
Gozag
Kikubaaqudgha
Makhleb
Nemelex Xobeh
Okawaru
Qazlal
Ru
Sif Muna
Trog
Vehumet
Xom
Yredelemnul
Zin
The Shining One
Beogh
Jiyva

Shops:
D:8 *   D:12 ?:%((   D:14 ==(   Orc:2 =   Orc:4 ?[:!

Portals:
Pandemonium: Orc:4
Trove: D:11 (give wand of heal wounds (8))

Annotations:
D:6 exclusion: oklob plant
Snake:1 Aizul


Innate Abilities, Weirdness & Mutations

You reflexively headbutt those who attack you in melee.
You have a pair of horns on your head.
You are partially covered in rough black scales (AC +4, Dex -1).


Message History

* * * LOW HITPOINT WARNING * * *
Use which ability? (? or * to list)
You are healed.
You are feeling hungry.
* * * LOW HITPOINT WARNING * * *
You feel very sick. Aizul hits you but does no damage.
Aizul casts a spell at you. The poison arrow hits you!
You are more poisoned.
* * * LOW HITPOINT WARNING * * *
Use which ability? (? or * to list)
You are healed.
You are feeling very hungry.
* * * LOW HITPOINT WARNING * * *
You feel extremely sick.
Aizul coils himself and waves his upper body at you.
The poison arrow hits you!
You are more poisoned.
You die...

.... ... .... ....
##....# ..... ###..
#.. ##.....[ ....#
#.## ##.....# ....#
#..#####.....# ....###
#.......$..#
......###.........##
..#.............@##
..##.............S#
..###...............
................###...
...)...........##
##..( ..##..###.......
# .####.####...... ##
#..#....[... #
#........N..


You could see Aizul.

Vanquished Creatures
  4 dire elephants (Lair:8)
  An ettin (D:10)
  Josephine (Orc:3)
  Harold (D:12)
  A naga warrior (Snake:1)
  An anaconda (Lair:8)
  Nessos (Orc:3)
  3 hydras
  An ogre mage (D:10)
  Erica (Lair:7)
  A tengu warrior (D:14)
  6 death yaks
  9 orc high priests
  The ghost of deszczowiec the Thaumaturge, an experienced DsWz of Ashenzari (D:8)
  A sun demon (Orc:4)
  Nergalle (Lair:6)
  Erolcha (D:12)
  2 infernal demonspawn (Orc:4)
  3 unseen horrors
  3 hill giants
  2 ice devils (IceCv)
  A wizard (D:14)
  2 ice statues (IceCv)
  5 orc knights
  A mana viper (Snake:1)
  A putrid demonspawn (Orc:4)
  5 orc sorcerers
  2 sixfirhies (Orc:4)
  A griffon (Lair:4)
  A manticore (D:12)
  3 cyclopes
  4 ugly things
  16 elephants
  4 centaur zombies
  Joseph (Lair:1)
  5 black mambas
  3 gargoyles
  A naga mage (Snake:1)
  A siren (Lair:5)
  An orange demon (Orc:4)
  Psyche (Orc:1)
  5 komodo dragons
  A torpor snail (Lair:6)
  10 spiny frogs
  2 tengu conjurers
  2 red devils (Orc:4)
  4 merfolk
  2 two-headed ogres
  11 blue devils
  9 trolls
  Sonja (Orc:2)
  3 fire drakes
  A wandering mushroom (Lair:6)
  Grinder (D:5)
  7 ravens
  A boulder beetle (Lair:8)
  11 blink frogs
  6 basilisks
  A hog (Volcano)
  A deep elf mage (D:11)
  2 water elementals (D:14)
  2 fire elementals
  A tarantella (shapeshifter) (D:10)
  11 hippogriffs
  59 yaks
  6 wraiths
  3 hungry ghosts
  A vampire (D:11)
  A deep elf fighter (Volcano)
  Grum (D:12)
  5 wyverns (Lair:4)
  2 fire bats (Lair:6)
  12 vampire mosquitoes
  5 nagas
  9 wolves
  A mottled dragon (D:12)
  35 orc warriors
  2 wargs
  A black bear (D:9)
  11 porcupines
  5 sky beasts
  15 water moccasins
  10 centaurs
  7 ice beasts
  10 ogres
  An eye of draining (D:14)
  5 phantoms
  18 crocodiles
  25 giant frogs
  A big kobold (D:10)
  A water moccasin zombie (D:9)
  5 scorpions
  A wyvern skeleton (D:8)
  3 troll zombies (D:11)
  A water moccasin skeleton (D:6)
  11 wights
  14 killer bees
  2 goliath beetles (D:8)
  4 crimson imps
  An electric eel (Lair:6)
  A giant frog skeleton (D:9)
  27 orc wizards
  4 jellies
  36 orc priests
  11 hounds
  10 iguanas
  4 centaur skeletons
  9 worker ants
  A killer bee zombie (D:6)
  29 sheep
  3 ogre zombies (D:11)
  Ijyb (D:3)
  A mummy (D:10)
  2 worker ant zombies
  5 gnolls
  26 adders
  15 river rats
  3 shadow imps
  8 white imps (IceCv)
  4 giant mites
  2 worms (D:2)
  4 ufetubi (IceCv)
  An adder zombie (D:9)
  3 adder skeletons
  3 giant geckos
  2 oozes
  187 orcs
  2 ball pythons
  16 bats
  2 bat skeletons
  6 giant cockroaches
  13 hobgoblins
  8 jackals
  21 kobolds
  12 quokkas
  3 giant newts
  A giant spore (D:6)
  24 goblins
  A goblin zombie (D:11)
  A hobgoblin skeleton (D:11)
  A hobgoblin zombie (D:11)
  A jackal skeleton (D:7)
  19 orc zombies
  13 rats
  7 ballistomycetes
  2 fungi (Lair:8)
  4 plants
1052 creatures vanquished.

Vanquished Creatures (others)
  A vampire mosquito (D:12)
  A crocodile (Lair:2)
  A crimson imp (D:7)
  2 river rats (Lair:2)
  3 white imps (IceCv)
  A giant mite (D:7)
  2 ufetubi (IceCv)
  An orc (Orc:1)
  4 giant spores
  12 fungi
  7 plants
35 creatures vanquished.

Grand Total: 1087 creatures vanquished

Notes
Turn   | Place    | Note
--------------------------------------------------------------
     0 | D:1      | Kloppie, the Minotaur Fighter, began the quest for the Orb.
     0 | D:1      | Reached XP level 1. HP: 19/19 MP: 1/1
    93 | D:1      | Reached XP level 2. HP: 27/27 MP: 1/1
   102 | D:1      | Reached skill level 4 in Fighting
   196 | D:1      | Reached XP level 3. HP: 26/34 MP: 2/2
   682 | D:2      | Found a glowing golden altar of the Shining One.
   879 | D:2      | Reached skill level 5 in Fighting
   885 | D:2      | Reached XP level 4. HP: 33/42 MP: 2/2
  1428 | D:3      | Noticed Ijyb
  1463 | D:3      | Killed Ijyb
  1547 | D:3      | Reached XP level 5. HP: 28/50 MP: 2/2
  1725 | D:3      | Reached skill level 6 in Fighting
  1959 | D:3      | Reached skill level 5 in Long Blades
  2027 | D:3      | Found a shattered altar of Ashenzari.
  2074 | D:3      | Found a radiant altar of Vehumet.
  2730 | D:4      | Reached XP level 6. HP: 58/58 MP: 3/3
  2938 | D:4      | Noticed a phantom
  2959 | D:4      | Killed a phantom
  2959 | D:4      | Reached skill level 7 in Fighting
  3278 | D:5      | Entered Level 5 of the Dungeon
  3360 | D:5      | Reached XP level 7. HP: 60/66 MP: 3/3
  3410 | D:5      | Found a shadowy altar of Dithmenos.
  3709 | D:5      | Noticed Grinder
  3710 | D:5      | Paralysed by Grinder for 6 turns
  3731 | D:5      | Killed Grinder
  3731 | D:5      | Reached skill level 8 in Fighting
  4025 | D:5      | Reached skill level 9 in Fighting
  4025 | D:5      | Reached XP level 8. HP: 66/78 MP: 3/3
  4290 | D:6      | Noticed an oklob plant
  4293 | D:6      | Found an ancient bone altar of Kikubaaqudgha.
  4302 | D:6      | HP: 3/78 [acid (6)]
  5159 | D:6      | Reached skill level 10 in Fighting
  5494 | D:7      | Found an opulent altar of Gozag.
  5584 | D:7      | Identified a +0 rod of ignition (10/10) (You found it on level 7 of the Dungeon)
  5614 | D:7      | Found a shattered altar of Ashenzari.
  5620 | D:7      | Reached skill level 5 in Armour
  5841 | D:7      | You fall through a shaft for 2 floors!
  5921 | D:9      | Reached XP level 9. HP: 85/85 MP: 4/4
  5936 | D:9      | Reached skill level 10 in Long Blades
  6110 | D:9      | Found a deep blue altar of Sif Muna.
  6123 | D:9      | Reached skill level 1 in Evocations
  6433 | D:7      | Found a staircase to the Ecumenical Temple.
  6515 | Temple   | Entered the Ecumenical Temple
  6602 | Temple   | Became a worshipper of Elyvilon the Healer
  6813 | D:8      | Noticed deszczowiec's ghost (experienced DsWz)
  6830 | D:8      | Killed deszczowiec's ghost
  6830 | D:8      | Reached skill level 10 in Armour
  6830 | D:8      | Reached XP level 10. HP: 43/93 MP: 8/10
  6852 | D:8      | Reached skill level 1 in Invocations
  6922 | D:8      | Found Zin's Purification Station.
  6927 | D:8      | Found a glowing silver altar of Zin.
  7156 | D:8      | Reached skill level 5 in Evocations
  7804 | D:9      | You fall through a shaft for 2 floors!
  7804 | D:11     | Acquired Elyvilon's first power
  7848 | D:10     | Entered Level 10 of the Dungeon
  7860 | D:10     | Noticed an ettin
  7867 | D:10     | Killed an ettin
  7867 | D:10     | Reached skill level 5 in Invocations
  7872 | D:10     | Noticed a moth of wrath
  7872 | D:10     | a snapping turtle changed into a moth of wrath
  7874 | D:10     | a moth of wrath changed into a tarantella
  8540 | D:9      | Reached XP level 11. HP: 79/99 MP: 17/17
  8639 | D:10     | Found a staircase to the Lair.
  8779 | D:10     | Noticed a hill giant
  8788 | D:10     | Killed a hill giant
  9421 | D:10     | Noticed a hill giant
  9422 | D:10     | Noticed a cyan ugly thing
  9704 | D:9      | Killed a hill giant
 10151 | D:9      | Killed a cyan ugly thing
 10641 | D:10     | Noticed an ogre mage
 10658 | D:10     | Killed an ogre mage
 10662 | D:10     | Acquired Elyvilon's second power
 10917 | D:10     | Identified the Volume of Augmentations and Malediction
 11246 | D:11     | Found a staircase to the Orcish Mines.
 11345 | D:11     | Got a brightly glowing scale mail
 11346 | D:11     | Identified the +1 scale mail of the Princeling {rC+} (You found it on level 11 of the Dungeon)
 11588 | D:11     | Found a staircase to the Lair.
 11602 | D:11     | Killed an unseen horror
 11658 | D:10     | Reached skill level 10 in Evocations
 12580 | D:11     | Found a portal to a secret trove of treasure.
 12758 | Lair:1   | Entered Level 1 of the Lair of Beasts
 12942 | Lair:1   | Acquired Elyvilon's third power
 13057 | Lair:1   | Noticed Joseph
 13075 | Lair:1   | Killed Joseph
 13075 | Lair:1   | Reached XP level 12. HP: 61/107 MP: 22/22
 13322 | Lair:1   | Reached skill level 11 in Fighting
 13764 | Lair:1   | Noticed a five-headed hydra
 13768 | Lair:1   | Pacified a five-headed hydra
 14053 | Lair:2   | Noticed a four-headed hydra
 14054 | Lair:2   | Pacified a four-headed hydra
 14062 | Lair:2   | Found a frozen archway.
 14066 | Lair:2   | Noticed a four-headed hydra
 14071 | Lair:2   | Pacified a five-headed hydra
 14071 | Lair:2   | Reached skill level 12 in Fighting
 14093 | IceCv    | Entered an ice cave
 14793 | IceCv    | Reached skill level 13 in Fighting
 15303 | IceCv    | Got a dazzling flail
 15310 | IceCv    | Got a scorched demon trident
 15475 | Lair:2   | Reached skill level 14 in Fighting
 16113 | Lair:2   | Acquired Elyvilon's fourth power
 16277 | Lair:3   | Reached skill level 15 in Fighting
 16389 | Lair:3   | Got a scorched leather armour
 16500 | Lair:3   | Reached XP level 13. HP: 90/127 MP: 22/22
 16756 | Lair:3   | Identified the +1 leather armour "Veliw" {rF+ Str+4} (You found it on level 3 of the Lair of Beasts)
 17431 | Lair:4   | Got a flickering platinum ring
 17455 | Lair:4   | Identified the ring "Istreyl" {rElec rF+ rC+ rN+ MR+ Slay+2} (You found it on level 4 of the Lair of Beasts)
 17555 | Lair:4   | Identified the +7 flail of the Last Seas {freeze, rElec MR+ Dex+3} (You found it in an ice cave)
 17556 | Lair:4   | Identified the +7 demon trident of the Six Blessings {vamp, -Cast rElec rF+} (You found it in an ice cave)
 17605 | Lair:4   | Reached skill level 1 in Maces & Flails
 17641 | Lair:4   | Found a staircase to the Snake Pit.
 18160 | Lair:4   | Reached skill level 5 in Maces & Flails
 19757 | Lair:1   | Reached skill level 10 in Maces & Flails
 19757 | Lair:1   | Reached XP level 14. HP: 135/135 MP: 23/23
 19867 | Lair:5   | Identified a scroll of acquirement
 19920 | Lair:5   | Found a staircase to the Shoals.
 19987 | Lair:5   | Acquired Elyvilon's fifth power
 20513 | Lair:6   | Noticed Nergalle
 20523 | Lair:6   | Killed Nergalle
 22022 | Lair:7   | Noticed Erica
 22033 | Lair:7   | Killed Erica
 22073 | Lair:7   | Found a runed door.
 22074 | Lair:7   | Found a viscous altar of Jiyva.
 22076 | Lair:7   | Found a staircase to the Slime Pits.
 22302 | Lair:7   | Got an ichor-stained scale mail
 22303 | Lair:7   | Identified the +5 scale mail of Peek-a-Boo {rF+ Regen+ Str-3} (You found it on level 7 of the Lair of Beasts)
 23005 | Orc:1    | Entered Level 1 of the Orcish Mines
 23005 | Orc:1    | Found a shimmering altar of Xom.
 23233 | Orc:1    | Found a roughly hewn altar of Beogh.
 23273 | Orc:1    | Noticed Psyche
 23278 | Orc:1    | Killed Psyche
 23330 | Orc:1    | Reached XP level 15. HP: 105/141 MP: 25/25
 23354 | Orc:1    | Found a dark tunnel.
 23360 | Volcano  | Entered a volcano
 24000 | Orc:2    | Noticed Sonja
 24006 | Orc:2    | Killed Sonja
 24384 | Orc:2    | Found Cinet's Jewellery Boutique.
 24392 | Orc:2    | Bought a cursed ring of loudness for 67 gold pieces
 24392 | Orc:2    | Bought a cursed -3 ring of dexterity for 30 gold pieces
 24392 | Orc:2    | Bought a cursed amulet of inaccuracy for 30 gold pieces
 24685 | Orc:2    | Bought an uncursed amulet of resist corrosion for 300 gold pieces
 24706 | Orc:3    | Noticed Nessos
 24717 | Orc:3    | Killed Nessos
 24909 | Orc:3    | Noticed Josephine
 24921 | Orc:3    | Killed Josephine
 25268 | Orc:4    | Entered Level 4 of the Orcish Mines
 25307 | Orc:4    | Found a staircase to the Elven Halls.
 25390 | Orc:4    | Found Cliahup's Distillery.
 25393 | Orc:4    | Bought a potion of beneficial mutation for 385 gold pieces
 25393 | Orc:4    | Bought 2 potions of degeneration for 22 gold pieces
 25395 | Orc:4    | Gained mutation: You are partially covered in rough black scales (AC +4, Dex -1). [potion of beneficial mutation]
 26081 | Orc:4    | Found Wodexagorgh's General Store.
 26082 | Orc:4    | Found Osame's Magic Scroll Boutique.
 26161 | Orc:4    | Bought a scroll of identify for 36 gold pieces
 26664 | Orc:4    | Reached skill level 15 in Armour
 26668 | Orc:4    | Found Fuxiujo Finn's Antique Armour Shoppe.
 26668 | Orc:4    | Found a one-way gate leading to the halls of Pandemonium.
 26668 | Orc:4    | Found Plappown's Book Emporium.
 26672 | Orc:4    | Bought a glowing hat for 104 gold pieces
 27074 | Lair:8   | Entered Level 8 of the Lair of Beasts
 27257 | Lair:8   | Reached skill level 1 in Crossbows
 28150 | Lair:8   | Reached skill level 5 in Crossbows
 28284 | Lair:8   | Got an ebony bardiche
 28290 | Lair:8   | Identified the +3 bardiche of Corporal Punishment {flame, Noisy rN+ Int+7 Dex-2} (You found it on level 8 of the Lair of Beasts)
 28736 | Snake:1  | Entered Level 1 of the Snake Pit
 29039 | D:12     | Found Wiebe's Weapon Boutique.
 29177 | D:12     | Found Thizxuing's Antique Weapon Shoppe.
 29192 | D:12     | Bought a glowing hand crossbow for 112 gold pieces
 29301 | D:12     | Found Izxyfivo's Book Emporium.
 29317 | D:12     | Found Mofur's Food Boutique.
 29425 | D:12     | Noticed Harold
 29439 | D:12     | Killed Harold
 29439 | D:12     | Reached XP level 16. HP: 149/149 MP: 25/25
 29478 | D:12     | Found Athaq's Magic Scroll Shoppe.
 29478 | D:12     | Noticed Grum
 29522 | D:12     | Killed Grum
 29602 | D:12     | Bought a scroll of recharging for 114 gold pieces
 29622 | D:12     | Noticed Erolcha
 29627 | D:12     | Killed Erolcha
 30641 | D:14     | Found Wosif's Jewellery Emporium.
 30663 | D:14     | Found Wak Riumikle's Jewellery Emporium.
 30707 | D:14     | Reached skill level 10 in Crossbows
 30723 | D:14     | Reached skill level 1 in Dodging
 30735 | D:14     | Found Strugic's Weapon Shop.
 30833 | D:14     | Got an iridescent arbalest
 30834 | D:14     | Identified the +3 arbalest of Darhel {velocity, Int+3} (You found it on level 14 of the Dungeon)
 30901 | D:14     | Found a gate to the Vaults.
 31133 | D:14     | Reached skill level 5 in Dodging
 31143 | D:14     | Bought an uncursed ring of see invisible for 225 gold pieces
 31666 | Snake:1  | Noticed Aizul
 31689 | Snake:1  | HP: 4/149 [Aizul (6)]
 31691 | Snake:1  | Killed from afar by Aizul

Action                   |  1- 3 |  4- 6 |  7- 9 | 10-12 | 13-15 | 16-18 || total
-------------------------+-------+-------+-------+-------+-------+-------++-------
Melee: Long sword        |   108 |   215 |   153 |       |       |       ||   476
       Great sword       |       |       |   177 |   772 |    56 |       ||  1005
       Flail             |       |       |       |       |  1339 |   257 ||  1596
       Hand crossbow     |       |       |       |       |       |     1 ||     1
 Fire: Hand crossbow     |       |       |       |       |    24 |   114 ||   138
Invok: Heal Other        |       |       |       |     5 |       |       ||     5
       Greater Healing   |       |       |       |       |       |     2 ||     2
Evoke: Rod               |       |       |       |     2 |       |       ||     2
       Wand              |       |       |       |       |     2 |       ||     2
  Use: Scroll            |       |       |    18 |    15 |    15 |     4 ||    52
       Potion            |       |       |     2 |     2 |     3 |     2 ||     9
  Eat: Chunk             |       |     8 |    11 |    20 |    32 |     1 ||    72
       Beef jerky        |       |       |     1 |     1 |     4 |     1 ||     7
       Fruit             |       |       |       |     6 |       |       ||     6
       Meat ration       |       |       |       |     1 |     1 |       ||     2
       Bread ration      |       |       |       |     1 |       |     1 ||     2
